 Dungeon Crawl Stone Soup version 0.31-a0-174-g85c54bcb58 (webtiles) character file.

Game seed: 5057689281674838988

34956 senseless the Martial Artist (level 13, -3/108 HPs)
             Began as a Demonspawn Gladiator on June 15, 2023.
             Was the Champion of Wu Jian.
             Hit by a large rock thrown by a stone giant (53 damage)
             ... in a volcano on June 16, 2023.
             The game lasted 00:54:12 (15172 turns).

senseless the Martial Artist (DsGl)                Turns: 15172, Time: 00:54:13

Health: -3/108     AC: 12    Str: 15    XL:     13   Next: 45%
Magic:  20/23      EV: 16    Int: 11    God:    Wu Jian [******]
Gold:   1132       SH:  0    Dex: 22    Spells: 23/26 levels left

rFire   + +          .
                       - Unarmed
rCold   + . .        (no shield)
rNeg    . . .        T - +2 scale mail {rF+}
rPois   .            (helmet currently unavailable)
rElec   .            i - scarf {rC+ rF+}
rCorr   .            (gloves unavailable)
SInv    .            (boots currently unavailable)
Will    +....        G - amulet of faith
Stlth   ++           m - +4 ring of protection
HPRegen 0.38/turn    d - ring of flight
MPRegen 0.18/turn

%: faith
@: appendages, wereblooded, flying
A: talons 2, thin skeletal structure 2, foul stench 2, powered by death 1,
torment resistance 1, demonic willpower, demonic touch 3, horns 1, MP-powered
wands
a: End Transformation, Renounce Religion, Wall Jump, Serpent's Lash, Heavenly
Storm


You were in a volcano.
You worshipped Wu Jian.
Wu Jian was exalted by your worship.
You had temporarily grown beastly talons.
You visited 2 branches of the dungeon, and saw 13 of its levels.
You also visited: Sewer, Ossuary, Bailey and Volcano.

You collected 1483 gold pieces.
You spent 351 gold pieces at shops.

Inventory:

Hand Weapons
 X - a +2 triple sword of protection
Missiles
 e - 23 javelins
 z - 3 throwing nets
Armour
 b - a +2 leather armour
 c - a +1 helmet
 h - a +2 leather armour of positive energy
 i - a scarf of resistance (worn)
 p - an orb of light
 v - a +0 cloak
 H - a +1 pair of gloves
 R - a scarf of repulsion
 T - a +2 scale mail of fire resistance (worn)
 U - a +3 leather armour
 Z - a +2 robe of willpower
Jewellery
 d - a ring of flight (right hand)
 m - a +4 ring of protection (left hand)
 s - a ring of wizardry
 x - a ring of ice
 A - an amulet of magic regeneration
 C - a ring of magical power
 G - an amulet of faith (around neck)
 O - a +6 ring of dexterity
 V - a ring of fire
 Y - the ring "Doiwigg" {rCorr MP+9}
   (You found it on level 10 of the Dungeon)

   [ring of magical power]

   MP:        It affects your magic capacity (+9).
   rCorr:     It protects you from acid and corrosion.
Wands
 y - a wand of acid (22)
 M - a wand of flame (43)
 N - a wand of charming (15)
 Q - a wand of polymorph (10)
Scrolls
 f - 4 scrolls of teleportation
 g - 7 scrolls of enchant weapon
 k - 3 scrolls of enchant armour
 l - a scroll of silence
 q - 3 scrolls of fear
 w - 3 scrolls of fog
 D - 2 scrolls of summoning
 P - a scroll of brand weapon
 W - 8 scrolls of identify
Potions
 a - 7 potions of ambrosia
 n - 2 potions of magic
 o - 9 potions of curing
 r - 3 potions of brilliance
 B - a potion of haste
 E - 3 potions of might
 F - 6 potions of enlightenment
 I - 2 potions of lignification
 J - 2 potions of attraction
 K - 2 potions of cancellation
 L - 3 potions of resistance
 S - a potion of mutation


   Skills:
 + Level 12.1 Fighting
 - Level 3.2 Long Blades
 - Level 1.7 Throwing
 - Level 2.5 Armour
 + Level 11.2 Dodging
 + Level 13.1 Unarmed Combat
 + Level 7.3 Spellcasting
 + Level 7.2 Transmutations


You had 23 spell levels left.
You knew the following spells:

 Your Spells              Type           Power      Damage    Failure   Level
a - Beastly Appendage     Tmut           38%        N/A       3%          1
b - Wereblood             Tmut           19%        N/A       4%          2

Your spell library contained the following spells:

 Spells                   Type           Power      Damage    Failure   Level
 Passwall                 Tmut/Erth      9%         N/A       22%         2
 Spider Form              Tmut/Pois      11%        N/A       41%         3
 Apportation              Tloc           8%         N/A       54%         1
 Foxfire                  Conj/Fire      16%        2x1d4     54%         1
 Kiss of Death            Conj/Necr      16%        2d6       54%         1
 Magic Dart               Conj           16%        1d3       54%         1
 Necrotise                Necr           16%        1d4       54%         1
 Summon Small Mammal      Summ           16%        N/A       54%         1
 Call Imp                 Summ           8%         N/A       69%         2
 Ensorcelled Hibernation  Hex/Ice        8%         N/A       69%         2
 Static Discharge         Conj/Air       8%         2-3/arc   69%         2
 Call Canine Familiar     Summ           4%         N/A       89%         3
 Confusing Touch          Hex            4%         N/A       89%         3
 Mephitic Cloud           Conj/Pois/Air  4%         N/A       89%         3
 Summon Guardian Golem    Hex/Summ       4%         N/A       89%         3
 Swiftness                Air            4%         N/A       89%         3
 Vhi's Electric Charge    Tloc/Air       8%         N/A       89%         3
 Airstrike                Air            2%         2d(1-17)  100%        4
 Anguish                  Hex/Necr       2%         N/A       100%        4
 Dispel Undead            Necr           4%         3d7       100%        4
 Summon Lightning Spire   Summ/Air       4%         N/A       100%        4
 Arcjolt                  Conj/Air       2%         1d12      100%        5
 Fireball                 Conj/Fire      2%         3d4       100%        5
 Plasma Beam              Fire/Air       2%         2x1d12    100%        6
 Starburst                Conj/Fire      2%         6d3       100%        6


Dungeon Overview and Level Annotations

Branches:
Dungeon (10/15)            Temple (0/1) D:5            Lair (3/5) D:9
 Shoals (0/4) Lair:2       Spider (0/4) Lair:3        Sewer (visited)
Ossuary (visited)          Bailey (visited)         Volcano (1/1)
    Orc: D:9-12

Altars:
Cheibriados
Dithmenos
Gozag
Makhleb
Okawaru
Qazlal
Sif Muna
Trog
Vehumet
Wu Jian
Xom
Yredelemnul

Shops:
D:1 :   D:4 !


Innate Abilities, Weirdness & Mutations

You have temporarily grown beastly talons.
You have a moderately thin skeletal structure. (Dex +4, Stealth++)
You sometimes emit foul miasma when damaged in melee.
You regenerate a little health from kills.
You are resistant to unholy torment.
You punish those that try to bend your will. (Will+)
Your touch may irresistibly damage your foes and sap their willpower.
You have a pair of small horns on your head.
You expend magic power (3 MP) to strengthen your wands.


Message History

You are engulfed in flames.
You resist.
* * * LOW HITPOINT WARNING * * *
You emit a cloud of foul miasma!
You punch the molten gargoyle!
You claw the molten gargoyle, but do no damage.
Your headbutt misses the molten gargoyle.
You touch the molten gargoyle!
You sap its willpower!
The molten gargoyle is almost destroyed.
The molten gargoyle blasts magma at you!
The bolt of magma misses you. The earth elemental closely misses you.
You hit the molten gargoyle.
You destroy the molten gargoyle!
The Council accepts your kill.
You punch the earth elemental!
You claw the earth elemental, but do no damage.
You punch the earth elemental, but do no damage.
The earth elemental is almost destroyed.
You hit the earth elemental but do no damage.
You claw the earth elemental, but do no damage.
Your headbutt misses the earth elemental.
You touch the earth elemental.
You destroy the earth elemental!
The Council accepts your kill.
Things that are here:
a +0 flail; a +0 scimitar of flaming Your transformation is almost over.
Your talons disappear.
The air gets thick with the scent of sulphur.
In the distance, the volcano erupts with a roar.
A stone giant opens the door.
You are too injured to fight recklessly!
You are too injured to fight recklessly!
Casting: Beastly Appendage (safe; 3% risk of failure)
Confirm with . or Enter, or press ? or * to list all spells.
Your blood is infused with primal strength.
Casting: Wereblood (safe; 4% risk of failure)
Confirm with . or Enter, or press ? or * to list all spells.
Your feet morph into talons.
The stone giant throws a large rock.
The large rock hits you!!!
You die...

###
##.#######
+...#$$[.#
#._.C)![#
#.@.###8###
#...##....##
##'##......#
#...#.⌠..8.#
+.∩.'......#
#...##....##
##'########
#.# #...##
##.##
##.§.##


You could see a stone giant.

Vanquished Creatures
  A fire dragon (D:9)
  Harold (D:9)
  2 catoblepae (D:10)
  Erica (Lair:1)
  A death knight (D:10)
  A centaur warrior (D:10)
  A demonic crawler (Lair:3)
  A skyshark (Lair:3)
  The ghost of initializr the Arsonist, a novice DEFE (D:8)
  2 cyclopes (D:10)
  10 elephants
  5 black mambas
  6 cane toads
  A molten gargoyle (Volcano)
  Psyche (D:8)
  2 torpor snails
  An efreet (Volcano)
  9 komodo dragons
  A polar bear (Lair:3)
  A meliai (D:10)
  A queen bee (Lair:1)
  A troll (D:9)
  A hornet (D:8)
  Prince Ribbit (D:6)
  10 dream sheep
  A snapping turtle (Lair:2)
  A centaur simulacrum (D:10)
  4 wyverns
  A fire elemental (Volcano)
  Grum (D:10)
  A wraith (D:10)
  A basilisk (Lair:2)
  5 fire bats (Volcano)
  13 yaks
  Menkaure (D:4)
  7 water moccasins
  10 orc warriors
  4 ice beasts
  A black bear (D:5)
  2 sky beasts (D:7)
  16 wolves
  12 centaurs
  A kobold brigand (D:9)
  A phantom (D:5)
  14 bullfrogs
  3 water moccasin zombies (Ossuary)
  3 scorpions
  9 wights (D:9)
  2 earth elementals (Volcano)
  34 killer bees
  6 howler monkeys
  5 electric eels
  4 crimson imps (D:10)
  6 lava snakes (Volcano)
  3 jellies (D:2)
  Crazy Yiuf (D:2)
  13 hounds
  4 orc priests
  4 iron imps
  A sleepcap (D:6)
  17 iguanas
  11 orc wizards
  Ijyb (D:4)
  2 mummies (Ossuary)
  5 gnolls
  14 adders
  4 river rats
  A white imp (D:8)
  2 ufetubi (D:5)
  6 adder zombies (Ossuary)
  6 worms
  3 dart slugs
  52 orcs
  11 ball pythons
  13 endoplasms
  4 giant cockroaches
  7 hobgoblins
  2 jackals (D:2)
  15 kobolds
  A quokka (D:1)
  3 bats
  14 frilled lizards
  4 gnoll zombies (Ossuary)
  12 goblins
  9 hobgoblin zombies (Ossuary)
  4 kobold zombies (Ossuary)
  3 orc zombies (Ossuary)
  29 rats
513 creatures vanquished.

Vanquished Creatures (others)
  An orc (D:9)
  A quokka (D:4)
  3 kobolds (D:9)
5 creatures vanquished.

Grand Total: 518 creatures vanquished

Notes
Turn   | Place    | Note
-------+----------+-------------------------------------------
     0 | D:1      | senseless the Demonspawn Gladiator began the quest for the
                  | Orb.
     0 | D:1      | Reached XP level 1. HP: 16/16 MP: 1/1
   168 | D:1      | Gained mutation: Your touch may inflict minor irresistible
                  | damage on your foes. [demonic ancestry]
   168 | D:1      | Reached XP level 2. HP: 22/22 MP: 2/2
   335 | D:1      | Found Tata's Book Boutique.
   857 | D:2      | Gained mutation: Your touch may inflict irresistible damage
                  | on your foes. [demonic ancestry]
   857 | D:2      | Reached XP level 3. HP: 28/28 MP: 3/3
  1166 | D:2      | Found a runed translucent door.
  1167 | D:2      | Noticed Crazy Yiuf
  1218 | D:2      | Gained mutation: You may rarely emit foul miasma when
                  | damaged in melee. [demonic ancestry]
  1218 | D:2      | Reached XP level 4. HP: 33/35 MP: 4/4
  1225 | D:2      | Reached skill level 1 in Unarmed Combat
  1313 | D:2      | Gained mutation: You regenerate a little health from kills.
                  | [demonic ancestry]
  1313 | D:2      | Reached XP level 5. HP: 7/41 MP: 5/5
  1526 | D:2      | Reached skill level 2 in Unarmed Combat
  1676 | D:2      | Killed Crazy Yiuf
  1791 | D:3      | Found an ornate altar of the Wu Jian Council.
  1858 | D:3      | Gained mutation: You have a somewhat thin skeletal
                  | structure. (Dex +2, Stealth+) [demonic ancestry]
  1858 | D:3      | Reached XP level 6. HP: 45/48 MP: 6/6
  1885 | D:3      | Found a glowing drain.
  1926 | Sewer    | Entered a sewer
  2211 | Sewer    | Reached skill level 3 in Unarmed Combat
  2234 | Sewer    | Gained mutation: You have a moderately thin skeletal
                  | structure. (Dex +4, Stealth++) [demonic ancestry]
  2234 | Sewer    | Reached XP level 7. HP: 52/55 MP: 7/7
  2276 | D:3      | Identified 2 scrolls of acquirement
  2276 | D:3      | Acquired a manual of Unarmed Combat
  2280 | D:3      | Acquired 609 gold pieces
  2523 | D:3      | Found a stormy altar of Qazlal.
  2749 | D:3      | Became a worshipper of the Wu Jian Council
  2793 | D:4      | Reached skill level 5 in Fighting
  2793 | D:4      | Reached skill level 5 in Dodging
  2866 | D:4      | Found Axacwi's Distillery.
  2890 | D:4      | Bought a potion of heal wounds for 65 gold pieces
  2892 | D:4      | Found a snail-covered altar of Cheibriados.
  2900 | D:4      | Reached skill level 4 in Unarmed Combat
  2991 | D:4      | Noticed Ijyb
  3003 | D:4      | Killed Ijyb
  3020 | D:4      | Noticed Menkaure
  3033 | D:4      | Killed Menkaure
  3233 | D:4      | Found a sand-covered staircase.
  3237 | Ossuary  | Entered an ossuary
  3329 | Ossuary  | Reached skill level 5 in Unarmed Combat
  3329 | Ossuary  | Reached XP level 8. HP: 60/64 MP: 8/8
  3357 | Ossuary  | Reached * piety under Wu Jian
  3538 | D:4      | Found a shadowy altar of Dithmenos.
  3969 | D:4      | Bought a potion of cancellation for 104 gold pieces
  3969 | D:4      | Bought a potion of might for 52 gold pieces
  3969 | D:4      | Bought a potion of resistance for 130 gold pieces
  4104 | D:5      | Entered Level 5 of the Dungeon
  4175 | D:5      | Reached skill level 6 in Unarmed Combat
  4378 | D:5      | Found a bloodstained altar of Trog.
  4378 | D:5      | Found a basalt altar of Yredelemnul.
  4447 | D:5      | Reached skill level 7 in Unarmed Combat
  4581 | D:5      | Reached ** piety under Wu Jian
  4604 | D:5      | Found a staircase to the Ecumenical Temple.
  4931 | D:6      | Gained mutation: You are dopey. (Int -2) [potion of
                  | mutation]
  4931 | D:6      | Gained mutation: You have hidden genetic potential. [potion
                  | of mutation]
  4932 | D:6      | Lost mutation: You are dopey. (Int -2) [potion of mutation]
  4932 | D:6      | Lost mutation: You have hidden genetic potential. [potion
                  | of mutation]
  4932 | D:6      | Gained mutation: You occasionally lose the ability to drink
                  | potions when taking damage. [potion of mutation]
  4932 | D:6      | Gained mutation: Your body sometimes deteriorates upon
                  | taking damage. [potion of mutation]
  4932 | D:6      | Gained mutation: You expend magic power (3 MP) to
                  | strengthen your wands. [potion of mutation]
  4933 | D:6      | Lost mutation: Your body sometimes deteriorates upon taking
                  | damage. [potion of mutation]
  4933 | D:6      | Lost mutation: You expend magic power (3 MP) to strengthen
                  | your wands. [potion of mutation]
  4933 | D:6      | Lost mutation: You occasionally lose the ability to drink
                  | potions when taking damage. [potion of mutation]
  4933 | D:6      | Gained mutation: You have a pair of small horns on your
                  | head. [potion of mutation]
  4933 | D:6      | Gained mutation: You expend magic power (3 MP) to
                  | strengthen your wands. [potion of mutation]
  5067 | D:6      | Found a radiant altar of Vehumet.
  5068 | D:6      | Found an opulent altar of Gozag.
  5082 | D:6      | Reached XP level 9. HP: 72/72 MP: 9/9
  5249 | D:6      | Found an iron altar of Okawaru.
  5289 | D:6      | Noticed Prince Ribbit
  5307 | D:6      | Killed Prince Ribbit
  5308 | D:6      | Reached skill level 8 in Unarmed Combat
  5805 | D:7      | Reached skill level 9 in Unarmed Combat
  6019 | D:7      | Reached *** piety under Wu Jian
  6053 | D:7      | Learned a level 1 spell: Beastly Appendage
  6385 | D:8      | Gained mutation: You sometimes emit foul miasma when
                  | damaged in melee. [demonic ancestry]
  6385 | D:8      | Reached XP level 10. HP: 15/82 MP: 10/10
  6701 | D:8      | Reached skill level 1 in Armour
  6770 | D:8      | Found a shimmering blue altar of Sif Muna.
  6891 | D:8      | Learned a level 2 spell: Wereblood
  7033 | D:8      | Found a runed translucent door.
  7037 | D:8      | Noticed initializr's ghost (novice DEFE)
  7052 | D:8      | Killed initializr's ghost
  7053 | D:8      | Reached skill level 10 in Unarmed Combat
  7315 | D:8      | Noticed Psyche
  7325 | D:8      | Killed Psyche
  7801 | D:9      | Reached **** piety under Wu Jian
  7802 | D:9      | Reached skill level 1 in Spellcasting
  7802 | D:9      | Reached skill level 1 in Transmutations
  7990 | D:9      | Found a staircase to the Lair.
  8194 | D:9      | Noticed Harold
  8207 | D:9      | Killed Harold
  8208 | D:9      | Reached skill level 11 in Unarmed Combat
  8360 | D:9      | Found a burning altar of Makhleb.
  8504 | D:10     | Entered Level 10 of the Dungeon
  8523 | D:10     | Gained mutation: You punish those that try to bend your
                  | will. (Will+) [demonic ancestry]
  8523 | D:10     | Reached XP level 11. HP: 89/90 MP: 10/14
  8539 | D:10     | Noticed Grum
  8543 | D:10     | Killed Grum
  8660 | D:10     | Noticed a catoblepas
  8660 | D:10     | Noticed a death knight
  8663 | D:10     | Noticed a fire dragon
  8677 | D:10     | Killed a death knight
  8829 | D:10     | Found a flagged portal.
  8838 | D:10     | Reached ***** piety under Wu Jian
  8848 | Bailey   | Entered a bailey
  9057 | Bailey   | Reached skill level 10 in Fighting
  9853 | D:10     | Noticed a centaur warrior
  9875 | D:9      | Killed a fire dragon
 10042 | D:10     | Killed a centaur warrior
 10254 | D:10     | Noticed a catoblepas
 10281 | D:10     | HP: 1/91 [catoblepas (10)]
 10283 | D:10     | Killed a catoblepas
 10719 | D:10     | Found a shimmering altar of Xom.
 10798 | D:10     | Killed a catoblepas
 10799 | D:10     | Reached skill level 12 in Unarmed Combat
 11082 | D:10     | Identified the ring "Doiwigg" {rCorr MP+9}
 11130 | Lair:1   | Entered Level 1 of the Lair of Beasts
 11170 | Lair:1   | Gained mutation: You are resistant to unholy torment.
                  | [demonic ancestry]
 11170 | Lair:1   | Reached XP level 12. HP: 56/99 MP: 16/19
 11179 | Lair:1   | Reached skill level 10 in Dodging
 11179 | Lair:1   | Reached skill level 5 in Spellcasting
 11182 | Lair:1   | Reached skill level 5 in Transmutations
 11441 | Lair:1   | Noticed Erica
 11454 | Lair:1   | Killed Erica
 12193 | Lair:1   | Reached ****** piety under Wu Jian
 13466 | Lair:2   | Found a staircase to the Shoals.
 13973 | Lair:2   | Gained mutation: Your touch may irresistibly damage your
                  | foes and sap their willpower. [demonic ancestry]
 13973 | Lair:2   | Reached XP level 13. HP: 107/107 MP: 22/22
 14769 | Lair:3   | Reached skill level 13 in Unarmed Combat
 14770 | Lair:3   | Found a hole to the Spider Nest.
 14821 | Lair:3   | Found a dark tunnel.
 14826 | Volcano  | Entered a volcano
 15057 | Volcano  | Noticed a stone giant
 15082 | Volcano  | Found a radiant altar of Vehumet.
 15172 | Volcano  | Hit by a large rock thrown by a stone giant

Illustrated notes

Levels and vault maps discovered:
D:1:      roderic_octagonal_star, layout_basic, serial_shops,
          nicolae_diamond_shop
D:2:      cheibrodos_fertilizer, layout_loops_ring, minmay_misc_feat_square,
          uniq_crazy_yiuf_cottage
D:3:      layout_basic, nicolae_qazlal_scattered_showers,
          mainiacjoe_overflow_catwalk, portal_sewer_entry_a,
          grunt_decor_junction
D:4:      layout_loops_ring, elyvilon_altar_4, nicolae_dithmenos_shadow_blocks,
          slow_altar_1, serial_shops, nicolae_shop_tiny_waterfront,
          nicolae_ossuary_entry_plus, nrook_campfire, kennysheep_pointless_box,
          minmay_tree_intersection, uniq_ijyb, uniq_menkaure
D:5:      layout_basic, jmf_multi_god_temple, minmay_temple_entry_gardened_gates
D:6:      minmay_recursive_quarters, layout_cave_pools,
          okawaru_ov_weapons_minmay, gammafunk_temple_overflow_wave,
          kennysheep_cluttered_room, uniq_prince_ribbit1
D:7:      layout_cave_pods
D:8:      layout_loops_corners, tso_altar, nicolae_overflow_hidden_temple,
          ebering_ghost_reflecting_pool, uniq_psyche
D:9:      layout_rooms, demons_altar, erik_lair_island, uniq_harold
D:10:     minmay_tri_box, layout_gridville, led_xom_imps,
          lightli_bailey_entry_fortress, serial_bayou_pond_d,
          nicolae_shop_clearance, uniq_grum
Lair:1:   layout_layer_cave, special_room [special_room_bee], uniq_erica
Lair:2:   lemuel_reptile_caves, layout_regular_city, minmay_shoals_entry_hut,
          grunt_forest_stairs_basic, minivault_11
Lair:3:   layout_loops_ring, nicolae_spider_entry_non_spiders,
          nicolae_volcano_entry_s_turn, beast_lair_carwin_11
Volcano:  volcano_grotto [vgs_many_chambers]

Skill      XL: |  1  2  3  4  5  6  7  8  9 10 11 12 13 |
---------------+----------------------------------------+-----
Dodging        | 3 4 5 6 8 9 10 11 | 11.2
Long Blades    | 3 |  3.2
Fighting       | 3 4 5 7 8 9 10 11 12 | 12.1
Unarmed Combat | 1 2 3 5 7 9 11 12 13 | 13.1
Armour         | 2 |  2.5
Spellcasting   | 2 4 6 7 |  7.3
Transmutations | 2 4 6 7 |  7.2
Throwing       | |  1.7

Action                     |  1- 3 |  4- 6 |  7- 9 | 10-12 | 13-15 || total
---------------------------+-------+-------+-------+-------+-------++-------
  Melee: Long sword        |    24 |       |       |       |       ||    24
         Punch             |     2 |     2 |    11 |    52 |    17 ||    84
         Dagger            |    68 |   224 |    31 |       |       ||   323
         Touch             |    13 |    33 |    83 |   156 |    38 ||   323
         Unarmed           |       |       |   351 |   694 |   145 ||  1190
         Headbutt          |       |       |    24 |   166 |    47 ||   237
         Kick              |       |       |       |   175 |    27 ||   202
  Throw: Throwing net      |       |       |     3 |       |       ||     3
         Javelin           |       |       |       |     1 |       ||     1
   Cast: Beastly Appendage |       |       |     2 |    46 |     6 ||    54
         Wereblood         |       |       |       |    26 |     4 ||    30
Ability: Lunge             |       |       |    26 |    56 |    12 ||    94
         Whirlwind         |       |       |       |    11 |     1 ||    12
    Use: Potion            |       |     2 |     3 |     3 |       ||     8
         Scroll            |       |     9 |    13 |     5 |     1 ||    28
   Stab: Sleeping          |     1 |     1 |    20 |     4 |     4 ||    30
         Held in net/web   |       |       |     1 |       |       ||     1
         Distracted        |       |       |     2 |     3 |     2 ||     7
 Armour: Leather armour    |    25 |    94 |   109 |   153 |    26 ||   407
         Scale mail        |       |       |       |       |     5 ||     5
  Dodge: Dodged            |    52 |   234 |   288 |   744 |   134 ||  1452

Table legend: (Time is in decaauts)
 A = Elapsed time spent in this place.
 B = Non-inter-level travel time spent in this place.
 C = Inter-level travel time spent in this place.
 D = Time resting spent in this place.
 E = Time spent auto-exploring this place.
 F = Levels seen in this place.
 G = Mean time per level.
                   A        B        C        D        E       F      G
               +--------+--------+--------+--------+--------+-----+--------+
         Total |  15039 |  14553 |    486 |   1855 |   9716 |  17 |  884.6 |
       Dungeon |   9691 |   9256 |    435 |   1268 |   6330 |  10 |  969.1 |
          Lair |   3652 |   3602 |     50 |    240 |   2711 |   3 | 1217.3 |
         Sewer |    374 |    374 |      0 |      7 |    153 |   1 |  374.0 |
       Ossuary |    191 |    191 |      0 |      0 |     68 |   1 |  191.0 |
        Bailey |    795 |    795 |      0 |    340 |    212 |   1 |  795.0 |
       Volcano |    334 |    334 |      0 |      0 |    241 |   1 |  334.0 |
               +--------+--------+--------+--------+--------+-----+--------+

Top non-repeatable levels by time:
  Lair:1: 1809 daAuts
    D:10: 1515 daAuts
     D:8: 1415 daAuts
  Lair:2: 1305 daAuts
     D:4: 1120 daAuts
     D:9: 1060 daAuts
     D:2: 924 daAuts
     D:1: 835 daAuts
  Bailey: 795 daAuts
     D:5: 791 daAuts
     D:7: 745 daAuts
     D:6: 641 daAuts
     D:3: 641 daAuts
  Lair:3: 537 daAuts
   Sewer: 374 daAuts
